 Dungeon Crawl Stone Soup version 0.29-a0-322-g68df515428 (webtiles) character file.

Game seed: 11583969807403481220

105 sanka the Ducker (level 4, -2/41 HPs)
             Began as a Gnoll Monk on Apr 7, 2022.
             Killed from afar by an orc wizard (5 damage)
             ... with a magic dart
             ... on level 3 of the Dungeon.
             The game lasted 00:02:59 (3108 turns).

sanka the Ducker (Gnoll Monk)                       Turns: 3108, Time: 00:02:59

Health: -2/41      AC:  2    Str: 12    XL:     4   Next: 81%
Magic:  5/5        EV: 14    Int:  9    God:
Gold:   195        SH:  6    Dex: 15    Spells: 5/5 levels left

rFire   . . .      SeeInvis .   i - +1 dagger (drain)
rCold   . . .      Faith    .   t - +2 buckler
rNeg    . . .      Spirit   .   b - +0 robe
rPois   +          Reflect  .   (no helmet)
rElec   .          Harm     .   (no cloak)
rCorr   .          Rampage  .   (no gloves)
Will    .....                   (no boots)
Stlth   +++.......              (no amulet)
HPRegen 0.13/turn               (no ring)
MPRegen 0.09/turn               o - ring of poison resistance

@: no status effects
A: fangs 1, strong nose, distributed training
a: no special abilities


You were on level 3 of the Dungeon.
You visited 1 branch of the dungeon, and saw 3 of its levels.

You collected 195 gold pieces.


Innate Abilities, Weirdness & Mutations

You have very sharp teeth.
Your uncanny sense of smell can sniff out nearby items.
Your experience applies equally to all skills.


   Skills:
 + Level 6.6 Fighting
 + Level 1.2 Short Blades
 + Level 1.2 Long Blades
 + Level 6.6 Axes
 + Level 1.2 Maces & Flails
 + Level 1.2 Polearms
 + Level 1.2 Staves
 + Level 1.2 Slings
 + Level 1.2 Bows
 + Level 1.2 Crossbows
 + Level 1.2 Throwing
 + Level 1.2 Armour
 + Level 6.6 Dodging
 + Level 4.3 Stealth
 + Level 1.2 Shields
 + Level 1.2 Unarmed Combat
 + Level 1.2 Spellcasting
 + Level 1.0 Conjurations
 + Level 1.0 Hexes
 + Level 1.0 Summonings
 + Level 1.0 Necromancy
 + Level 1.0 Translocations
 + Level 1.0 Transmutations
 + Level 1.0 Fire Magic
 + Level 1.0 Ice Magic
 + Level 1.0 Air Magic
 + Level 1.0 Earth Magic
 + Level 1.0 Poison Magic
 + Level 1.4 Invocations
 + Level 1.2 Evocations


You had 5 spell levels left.
You didn't know any spells.
Your spell library contained the following spells:

 Spells                   Type           Power      Damage    Failure   Level
 Blink                    Tloc           4%         N/A       43%         2
 Manifold Assault         Tloc           2%         N/A       100%        5
 Storm Form               Tmut/Air       1%         N/A       100%        7

Inventory:

Hand Weapons
 a - a +0 hand axe
 i - a +1 dagger of draining (weapon)
 k - a +2 whip of venom
Missiles
 h - 3 curare-tipped darts (quivered) {=f}
 j - 2 atropa-tipped darts
 l - 4 poisoned darts
 u - 6 boomerangs of dispersal {=f}
Armour
 b - a +0 robe (worn)
 t - a +2 buckler (worn)
Magical Staves
 w - a staff of conjuration {!a}
Jewellery
 o - a ring of poison resistance (right hand)
Scrolls
 d - 3 scrolls of magic mapping {unknown}
 e - a scroll of amnesia {unknown}
 g - 2 scrolls of identify {unknown}
 n - a scroll of vulnerability {unknown}
 p - a scroll of enchant armour {unknown}
 q - a scroll of enchant weapon {unknown}
 y - a scroll of teleportation {unknown}
 z - a scroll of fear {unknown}
Potions
 c - a potion of ambrosia
 f - a potion of flight {unknown}
 m - a potion of might {unknown}
 r - a potion of attraction {unknown}
 s - 2 potions of mutation {unknown}
 v - a potion of berserk rage {unknown}
 x - a potion of heal wounds {unknown}
 A - 2 potions of resistance {unknown}

Dungeon Overview and Level Annotations

Branches:
Dungeon (3/15)

Altars:

.▒▒.▒▒.▒▒▒▒........▒
...................▒
...........▒▒......▒
............▒......▒
.....▒....▒..▒▒..▒.▒
.......[..▒▒.▒ ▒.....
..........▒▒.▒▒ ▒....
...........▒..▒▒▒▒▒▒.
...............og▒
............▒▒▒▒{.▒
... ......).▒ ▒▒.▒ .
......o.▒ ...
......▒.▒ ▒▒..
......?.▒ ..▒
........▒ ▒▒
........▒ .........


You could see an orc.


Message History

* * * LOW HITPOINT WARNING * * *
The orc hits you with a +0 short sword.
* * * LOW HITPOINT WARNING * * *
You hit something but do no damage. Something barely misses you.
The orc barely misses you.
You miss something. Something hits you.
* * * LOW HITPOINT WARNING * * *
The orc barely misses you.
You hit something. Something barely misses you. The orc misses you.
You hit something. Something hits you.
* * * LOW HITPOINT WARNING * * *
The orc barely misses you.
You miss something. Something hits you.
* * * LOW HITPOINT WARNING * * *
The orc hits you with a +0 short sword.
* * * LOW HITPOINT WARNING * * *
You miss something. Something hits you but does no damage.
You block the orc's attack.
You miss something.
You hear some strange, mumbled words.
A magic dart appears from out of thin air!
The magic dart hits you.
You die...

Action                   |  1- 3 |  4- 6 || total
-------------------------+-------+-------++-------
Melee: Hand axe          |   221 |       ||   221
       Dagger            |    50 |    95 ||   145
       Bite              |    47 |    10 ||    57
       Punch             |     4 |       ||     4
 Stab: Sleeping          |     7 |     3 ||    10
Armor: Robe              |    18 |     6 ||    24
Dodge: Dodged            |    71 |    66 ||   137
Block: Buckler           |       |    18 ||    18

Levels and vault maps discovered:
D:1:      minmay_arrival_up_and_down, layout_loops_corners, serial_forest,
          infiniplex_forest_straight_3, infiniplex_forest_end_2,
          infiniplex_forest_corner_1, infiniplex_forest_clump_tiny,
          infiniplex_forest_lined_3, infiniplex_forest_clump_tiny,
          infiniplex_forest_lined_room_3, st_stairs_11
D:2:      minmay_alternating_diamond, layout_rooms, glass_columns_c,
          kennysheep_generic_room_6
D:3:      layout_rooms, chei_slow_surprise,
          hellmonk_ecumenical_altar_arch_garden

Notes
Turn   | Place    | Note
-------+----------+-------------------------------------------
     0 | D:1      | sanka the Gnoll Monk began the quest for the Orb.
     0 | D:1      | Reached XP level 1. HP: 23/23 MP: 1/1
   342 | D:1      | Reached XP level 2. HP: 20/29 MP: 2/2
  1284 | D:1      | Reached XP level 3. HP: 29/31 MP: 3/3
  1864 | D:2      | Reached skill level 1 in Invocations
  2106 | D:2      | Reached skill level 1 in Short Blades
  2106 | D:2      | Reached skill level 1 in Long Blades
  2106 | D:2      | Reached skill level 1 in Maces & Flails
  2106 | D:2      | Reached skill level 1 in Polearms
  2106 | D:2      | Reached skill level 1 in Staves
  2106 | D:2      | Reached skill level 1 in Slings
  2106 | D:2      | Reached skill level 1 in Bows
  2106 | D:2      | Reached skill level 1 in Crossbows
  2106 | D:2      | Reached skill level 1 in Throwing
  2106 | D:2      | Reached skill level 1 in Armour
  2106 | D:2      | Reached skill level 1 in Shields
  2106 | D:2      | Reached skill level 1 in Unarmed Combat
  2106 | D:2      | Reached skill level 1 in Spellcasting
  2106 | D:2      | Reached skill level 1 in Evocations
  2321 | D:2      | Reached XP level 4. HP: 41/41 MP: 5/5
  2710 | D:3      | Found a faded altar of an unknown god.
  2954 | D:3      | Reached skill level 1 in Conjurations
  2954 | D:3      | Reached skill level 1 in Hexes
  2954 | D:3      | Reached skill level 1 in Summonings
  2954 | D:3      | Reached skill level 1 in Necromancy
  2954 | D:3      | Reached skill level 1 in Translocations
  2954 | D:3      | Reached skill level 1 in Transmutations
  2954 | D:3      | Reached skill level 1 in Fire Magic
  2954 | D:3      | Reached skill level 1 in Ice Magic
  2954 | D:3      | Reached skill level 1 in Air Magic
  2954 | D:3      | Reached skill level 1 in Earth Magic
  2954 | D:3      | Reached skill level 1 in Poison Magic
  3106 | D:3      | HP: 2/41 [orc/+0 short sword (5)]
  3108 | D:3      | Killed from afar by an orc wizard

Vanquished Creatures
  2 adders
  A worm (D:2)
  4 dart slugs
  4 orcs (D:3)
  6 ball pythons
  7 endoplasms
  4 giant cockroaches
  8 goblins
  3 hobgoblins
  4 quokkas
  5 bats
  2 frilled lizards
  12 kobolds
  6 rats
  A bush (D:1)
69 creatures vanquished.
